 Dungeon Crawl Stone Soup version 0.20-a0-522-g0b37eee (webtiles) character file.

71 HallandMoats the Skirmisher (level 4, -5/37 HPs)
             Began as a Demonspawn Fighter on Jan 25, 2017.
             Splashed by a jelly's acid (8 damage)
             ... on level 3 of the Dungeon.
             The game lasted 00:02:25 (1897 turns).

HallandMoats the Skirmisher (Demonspawn Fighter)    Turns: 1897, Time: 00:02:25

Health: -5/37      AC:  5    Str: 17    XL:     4   Next: 5%
Magic:  7/7        EV:  9    Int: 10    God:
Gold:   116        SH:  4    Dex: 12    Spells: 7/7 levels left

rFire    . . .     SeeInvis .   u - -1 falchion (curse)
rCold    . . .     Gourm    .   b - +0 scale mail
rNeg     . . .     Faith    .   g - +0 buckler
rPois    .         Spirit   .   (helmet restricted)
rElec    .         Reflect  .   j - +2 cloak
rCorr    .         Harm     .   (no gloves)
MR       .....                  (no boots)
Stlth    +.........             (no amulet)
Regen    0.2/turn               (no ring)
                                (no ring)

@: corroded
A: horns 2, nightstalker 1
a: no special abilities


You were on level 3 of the Dungeon.
You were not hungry.

You visited 1 branch of the dungeon, and saw 3 of its levels.

You collected 116 gold pieces.

Inventory:

Hand Weapons
 a - a +0 long sword
 u - a cursed -1 falchion (weapon)
Armour
 b - a +0 scale mail (worn)
 g - a +0 buckler (worn)
 j - a +2 cloak (worn)
Jewellery
 o - an uncursed ring of fire
Scrolls
 e - 2 scrolls of identify {unknown}
 i - a scroll of teleportation {unknown}
 l - a scroll of magic mapping {unknown}
 p - a scroll of immolation {unknown}
 q - a scroll of remove curse {unknown}
 r - a scroll of enchant armour {unknown}
 s - a scroll of enchant weapon {unknown}
Potions
 d - a potion of might
 h - a potion of haste {unknown}
 m - a potion of curing {unknown}
 t - a potion of heal wounds {unknown}
 v - a potion of degeneration {unknown}
Comestibles
 c - 3 chunks of flesh
 f - a bread ration
 k - a meat ration
 n - a royal jelly


   Skills:
 * Level 3.9 Fighting
 + Level 2.1 Long Blades
 - Level 2.6 Armour
 - Level 2.6 Shields
 * Level 2.1 Spellcasting


You had 7 spell levels left.
You didn't know any spells.

Dungeon Overview and Level Annotations

Branches:
Dungeon (3/15)

Altars:


Innate Abilities, Weirdness & Mutations

You have a pair of horns on your head.
You are slightly more attuned to the shadows.


Message History

The hobgoblin hits you.
* * * LOW HITPOINT WARNING * * *
The kobold barely misses you.
You riposte.
You barely miss the kobold. The adder bites you but does no damage.
The jelly hits you but does no damage. The hobgoblin barely misses you.
The adder barely misses you. The kobold hits you but does no damage.
You block the jelly's attack.
The hobgoblin hits you but does no damage.
You block the adder's attack. You block the kobold's attack.
The jelly hits you but does no damage. You block the hobgoblin's attack.
You block the adder's attack. The kobold barely misses you.
The adder bites you.
* * * LOW HITPOINT WARNING * * *
The jelly hits you but does no damage.
The hobgoblin hits you but does no damage.
The adder barely misses you. The kobold hits you but does no damage.
The jelly hits you.
* * * LOW HITPOINT WARNING * * *
You are splashed with acid!
The acid burns!
You die...

# ##.# # .
...# .#.#..#
..#..###
#.##.....# #
#).......##.##
......KS......
####...@J#..#
#...†g.#
###...## ####.
#. ##


You could see a jelly, an adder, a hobgoblin and a kobold.

Vanquished Creatures
  3 adders (D:2)
  A worm (D:2)
  4 dart slugs (D:1)
  A giant cockroach (D:1)
  2 goblins
  4 hobgoblins
  3 kobolds
  A quokka (D:2)
  6 bats
  6 frilled lizards
  7 rats
38 creatures vanquished.

Notes
Turn   | Place    | Note
-------+----------+-------------------------------------------
     0 | D:1      | HallandMoats the Demonspawn Fighter began the quest for the Orb.
     0 | D:1      | Reached XP level 1. HP: 18/18 MP: 1/1
   233 | D:1      | Reached skill level 1 in Spellcasting
   233 | D:1      | Gained mutation: You are slightly more attuned to the shadows. [demonic ancestry]
   233 | D:1      | Reached XP level 2. HP: 24/24 MP: 3/3
   884 | D:2      | Gained mutation: You have a pair of small horns on your head. [demonic ancestry]
   884 | D:2      | Reached XP level 3. HP: 7/29 MP: 5/5
  1725 | D:2      | Gained mutation: You have a pair of horns on your head. [demonic ancestry]
  1725 | D:2      | Reached XP level 4. HP: 33/37 MP: 7/7
  1897 | D:3      | Splashed by a jelly's acid

Vault maps used:
D:1:      saegor_arrival_simple_e
D:3:      kennysheep_generic_room_5, uniq_terence

Skill      XL: |  1  2  3 |
---------------+----------+-----
Spellcasting   | 1 2 |  2.1
Long Blades    | 2 |  2.1
Fighting       | |  3.9
Armour         | |  2.6
Shields        | |  2.6

Action                   |  1- 3 |  4- 6 || total
-------------------------+-------+-------++-------
Melee: Long sword        |   106 |       ||   106
       Headbutt          |    13 |     2 ||    15
       Falchion          |     6 |     8 ||    14
  Eat: Chunk             |     3 |       ||     3
Armor: Scale mail        |    75 |    14 ||    89
Dodge: Dodged            |    55 |    17 ||    72
Block: Shield            |    22 |       ||    22
       Buckler           |    19 |     9 ||    28
       Rpst.: Long sword |    18 |       ||    18
       Falchion          |       |     5 ||     5
